 Dungeon Crawl Stone Soup version 0.31-a0-200-gbc41564c69 (webtiles) character file.

Game seed: 4938980072234223557

17093 AvylaarBelgium the Eclecticist (level 12, -2/108 HPs)
             Began as a Deep Elf Conjurer on June 25, 2023.
             Was a High Priest of Vehumet.
             Slain by a spectral orc warrior
             ... wielding a +0 halberd
             ... summoned by Nergalle
              (6 damage)
             ... on level 1 of the Lair of Beasts on June 26, 2023.
             The game lasted 00:38:36 (8224 turns).

AvylaarBelgium the Eclecticist (Deep Elf Conjurer)  Turns: 8224, Time: 00:38:38

Health: -2/108     AC: 17    Str:  4    XL:     12   Next: 15%
Magic:  3/33       EV: 14    Int: 32    God:    Vehumet [*****.]
Gold:   842        SH:  0    Dex: 19    Spells: 10/42 levels left

rFire   + + +        r - +5 hammer of Neseuf {vamp, *Noise rN++ Dex+6}
rCold   . . .        (no shield)
rNeg    + + +        T - +5 fire dragon scales "Yfa Mucy" {rElec rPois rF++ rC- Int+3}
rPois   +            a - -2 hat of the Alchemist {rElec rPois rF+ rC+ rN+ Will+ rMut rCorr}
rElec   +            M - +2 cloak {rF+}
rCorr   +            (no gloves)
SInv    .            k - +0 pair of boots
Will    ++...        R - amulet "Fomel" {RegenMP +Blink rN+} Stlth
                     d - +5 ring of evasion
HPRegen 0.38/turn    w - +5 ring of evasion
MPRegen 0.63/turn

%: resist mutation
@: berserking, very slightly contaminated, very quick
A: iridescent scales 1, poison resistance, screaming 1, subdued magic 1
a: Renounce Religion, Evoke Blink


You were on level 1 of the Lair of Beasts.
You worshipped Vehumet.
Vehumet was extremely pleased with you.
You visited 3 branches of the dungeon, and saw 12 of its levels.
You also visited: Gauntlet and Volcano.

You collected 842 gold pieces.

Inventory:

Hand Weapons
 m - a +0 arbalest of flaming
 r - the +5 hammer of Neseuf (weapon) {vamp, *Noise rN++ Dex+6}
   (You found it on level 2 of the Dungeon)

   Dex:       It affects your dexterity (+6).
   rN:        It greatly protects you from negative energy.
   *Noise:    It may make noises in combat.
 S - a +3 demon blade of freezing
Missiles
 Q - 4 curare-tipped darts
Armour
 a - the -2 hat of the Alchemist (worn) {rElec rPois rF+ rC+ rN+ Will+ rMut rCorr}
   (You found it in a Gauntlet)

   rF:        It protects you from fire.
   rC:        It protects you from cold.
   rElec:     It insulates you from electricity.
   rPois:     It protects you from poison.
   rN:        It protects you from negative energy.
   rCorr:     It protects you from acid and corrosion.
   rMut:      It protects you from mutation.
   Will:      It increases your willpower.
 k - a +0 pair of boots (worn)
 H - a scarf of repulsion
 L - the +1 leather armour of Zaivelil {Int+5}
   (You found it in a Gauntlet)

   Int:       It affects your intelligence (+5).
 M - a +2 cloak of fire resistance (worn)
 P - a +1 robe of cold resistance
 T - the +5 fire dragon scales "Yfa Mucy" (worn) {rElec rPois rF++ rC- Int+3}
   (You took it off a minotaur in a Gauntlet)

   Int:       It affects your intelligence (+3).
   rF:        It greatly protects you from fire.
   rC:        It makes you vulnerable to cold.
   rElec:     It insulates you from electricity.
   rPois:     It protects you from poison.
 U - the +0 kite shield "Ukhuoch" {Int+3 Dex+4}
   (You took it off a minotaur in a Gauntlet)

   Int:       It affects your intelligence (+3).
   Dex:       It affects your dexterity (+4).
 Y - a +1 hat of willpower
 Z - a +2 robe of fire resistance
Magical Staves
 g - a staff of air
 V - a staff of fire
Jewellery
 d - a +5 ring of evasion (left hand)
 n - a ring of resist corrosion
 w - a +5 ring of evasion (right hand)
 y - a ring of fire
 E - a +6 ring of intelligence
 R - the amulet "Fomel" (around neck) {RegenMP +Blink rN+}
   (You found it in a Gauntlet)

   [amulet of magic regeneration]

   It increases your rate of magic regeneration.
   rN:        It protects you from negative energy.
   +Blink:    It lets you blink.
 X - a ring of ice
Wands
 x - a wand of iceblast (8)
 F - a wand of flame (18)
 J - a wand of paralysis (2)
 N - a wand of mindburst (6)
Scrolls
 c - 4 scrolls of enchant weapon
 e - a scroll of revelation
 f - 2 scrolls of fog
 h - 2 scrolls of torment {unknown}
 i - a scroll of fear {unknown}
 j - a scroll of immolation {unknown}
 l - 3 scrolls of poison {unknown}
 o - 7 scrolls of teleportation {unknown}
 p - 3 scrolls of enchant armour
 s - a scroll of amnesia
 t - 2 scrolls of vulnerability {unknown}
 u - a scroll of silence {unknown}
 B - a scroll of brand weapon {unknown}
 G - a scroll of noise
Potions
 b - 2 potions of magic
 q - 2 potions of might
 v - a potion of lignification {unknown}
 z - a potion of brilliance
 A - 3 potions of curing
 C - a potion of berserk rage
 D - 2 potions of cancellation
 I - a potion of attraction {unknown}
 K - a potion of experience {unknown}


   Skills:
 - Level 7.5 Fighting
 + Level 0.7 Armour
 + Level 3.2 Dodging
 - Level 2.4 Stealth
 + Level 15.8 Spellcasting
 + Level 13.9 Conjurations
 - Level 6.0 Hexes


You had 10 spell levels left.
You knew the following spells:

 Your Spells              Type           Power      Damage    Failure   Level
a - Magic Dart            Conj           100%       1d8       1%          1
b - Searing Ray           Conj           100%       2d8       1%          2
c - Fulminant Prism       Conj/Hex       31%        3d16      5%          4
d - Iskenderun's Mystic   Conj/Tloc      52%        2d11      17%         4
e - Conjure Ball Lightni  Conj/Air       26%        3x3d7     93%         6
f - Swiftness             Air            19%        N/A       98%         3
g - Ignition              Fire           9%         3d5       100%        8
h - Summon Lightning Spi  Summ/Air       19%        N/A       100%        4

Your spell library contained the following spells:

 Spells                   Type           Power      Damage    Failure   Level
 Dazzling Flash           Conj/Hex       100%       N/A       1%          3
 Sticky Flame             Conj/Fire      52%        2d7       17%         4
 Irradiate                Conj/Tmut      26%        3d20      43%         5
 Ensorcelled Hibernation  Hex/Ice        68%        N/A       47%         2
 Ignite Poison            Fire/Tmut/Pois 19%        N/A       65%         3
 Apportation              Tloc           38%        N/A       77%         1
 Necrotise                Necr           76%        1d7       77%         1
 Summon Small Mammal      Summ           76%        N/A       77%         1
 Lesser Beckoning         Tloc           38%        N/A       89%         2
 Passwall                 Tmut/Erth      15%        N/A       89%         2
 Yara's Violent Unravell  Hex/Tmut       17%        3d8       92%         5
 Gell's Gravitas          Tloc           19%        N/A       98%         3
 Teleport Other           Tloc           19%        N/A       98%         3
 Ice Form                 Ice/Tmut       19%        N/A       100%        4
 Dispersal                Tloc           9%         N/A       100%        6
 Necromutation            Tmut/Necr      9%         N/A       100%        8
 Death's Door             Necr           9%         N/A       100%        9


Dungeon Overview and Level Annotations

Branches:
Dungeon (10/15)            Temple (1/1) D:4            Lair (1/5) D:10
Volcano (visited)         Gauntlet (visited)
    Orc: D:9-12

Altars:
Ashenzari
Cheibriados
Dithmenos
Elyvilon
Gozag
Makhleb
Nemelex Xobeh
Okawaru
Qazlal
Ru
Trog
Uskayaw
Vehumet
Xom
Yredelemnul
Zin
The Shining One

Annotations:
D:2 1 runed translucent door, Crazy Yiuf
Lair:1 Nergalle


Innate Abilities, Weirdness & Mutations

You are partially covered in iridescent scales. (AC +2)
Your system is resistant to poisons. (rPois)
You occasionally shout uncontrollably at your foes.
Your spells are a little easier to cast, but a little less powerful.


Message History

Okay, then.
Unknown command.
Casting: Iskenderun's Mystic Blast (dangerous; 17% risk of failure)
Confirm with . or Enter, or press ? or * to list all spells.
You miscast Iskenderun's Mystic Blast.
You are caught in a violent explosion!
* * * LOW HITPOINT WARNING * * *
The spectral orc knight hits you but does no damage.
The spectral orc warrior barely misses you.
Unknown command.
Okay, then.
Unknown command.
Okay, then.
Unknown command.
Okay, then.
Unknown command.
Unknown command.
Okay, then.
Unknown command.
Unknown command.
Press: ? - help, v - describe, . - travel, g - get item
Here: a spectral orc warrior, wielding a +0 halberd and wearing a +0 plate armour (lightly damaged, summoned) Item here: a +0 robe.
The floor.
Unknown command.
Unknown command.
Press: ? - help, v - describe, . - travel
Here: a spectral orc knight, wielding a +0 dire flail and wearing a +0 plate armour (heavily damaged, summoned, fast)
The floor.
Press: ? - help, v - describe, . - travel
Here: Nergalle, wielding a +0 dagger and wearing a +0 robe (severely wounded)
The floor.
Okay, then.
A red film seems to cover your vision as you go berserk!
You feel yourself moving faster!
You feel mighty!
The spectral orc knight closely misses you.
Nergalle hits you with a +0 dagger.
* * * LOW HITPOINT WARNING * * *
The spectral orc knight closely misses you.
The spectral orc warrior hits you from afar with a +0 halberd.
You die...

*,*,**#~..~P.P~~####**♣P♣....♣.♣♣
,,,,* ##.#~#P~P~P.P# #P♣♣.....♣.♣
,,,,* #............# ##,♣♣....♣♣.
,,,,**##...........##*,..........
,,,,+,.............P#,,..........
,,,,**#P##.........+..#..........
+**** #*#.......Z..###...........
,* ##.........# ##.........^ ,*
#######@### ***####.#.# ***
#...oZ# ***#.##* *,* ##.....##
**,,,,* ,,* #.......### *,,****
,,********#.........# **,*******
,,,,,,,...........#.#***,,,,,,,,,
,,,,***........>..#..#,*,,,,,,,,,
,,,** */......$...#,...,,,~***~,,
,,,* *.............*P#,,*~~~~~*,


You could see Nergalle, a spectral orc warrior (summoned) and a spectral orc
knight (summoned, fast).

Vanquished Creatures
  A red draconian (Volcano)
  A minotaur (Gauntlet)
  Fannar (Lair:1)
  A centaur warrior (Volcano)
  2 large abominations (Gauntlet)
  A necromancer (Gauntlet)
  6 elephants (Lair:1)
  A molten gargoyle (Volcano)
  A gargoyle (Volcano)
  A rime drake (Lair:1)
  Maggie (D:7)
  A yaktaur (Volcano)
  A queen bee (Gauntlet)
  A hornet (D:9)
  5 blink frogs (Lair:1)
  4 wyverns
  A vampire (D:10)
  5 yaks (D:10)
  5 fire bats (Volcano)
  A steam dragon (D:8)
  Menkaure (D:4)
  4 small abominations (Gauntlet)
  6 water moccasins
  2 black bears (D:4)
  4 orc warriors
  2 ice beasts
  3 ogres (D:5)
  2 sky beasts
  6 wolves (Gauntlet)
  8 centaurs
  3 kobold brigands
  3 bullfrogs
  3 scorpions
  16 wights
  3 killer bees (Gauntlet)
  4 howler monkeys
  2 electric eels (Lair:1)
  7 lava snakes (Volcano)
  3 hounds
  5 jellies
  7 orc priests
  2 iguanas (D:5)
  15 orc wizards
  4 gnolls (D:7)
  7 adders
  A shadow imp (D:8)
  2 white imps
  An ufetubus (D:6)
  A worm (D:2)
  2 dart slugs (D:4)
  27 orcs
  5 ball pythons
  21 endoplasms
  3 giant cockroaches
  6 goblins (D:1)
  9 hobgoblins
  8 jackals
  35 kobolds
  4 quokkas
  10 bats
  2 frilled lizards (D:1)
  3 rats
  A fulminant prism (D:10)
304 creatures vanquished.

Vanquished Creatures (others)
  160 fulminant prisms
160 creatures vanquished.

Grand Total: 464 creatures vanquished

Notes
Turn   | Place    | Note
-------+----------+-------------------------------------------
     0 | D:1      | AvylaarBelgium the Deep Elf Conjurer began the quest for
                  | the Orb.
     0 | D:1      | Reached XP level 1. HP: 10/10 MP: 6/6
   129 | D:1      | Reached XP level 2. HP: 15/15 MP: 6/8
   407 | D:1      | Found an opulent altar of Gozag.
   411 | D:1      | Reached skill level 4 in Spellcasting
   415 | D:1      | Reached XP level 3. HP: 19/19 MP: 4/10
   419 | D:1      | Reached skill level 5 in Conjurations
   923 | D:2      | Reached XP level 4. HP: 24/24 MP: 6/12
   944 | D:2      | Learned a level 2 spell: Searing Ray
   949 | D:2      | Learned a level 4 spell: Fulminant Prism
   954 | D:2      | Learned a level 4 spell: Iskenderun's Mystic Blast
  1131 | D:2      | Reached skill level 5 in Spellcasting
  1132 | D:2      | Reached XP level 5. HP: 24/28 MP: 8/14
  1436 | D:2      | Identified the +5 hammer of Neseuf {vamp, *Noise rN++
                  | Dex+6}
  1442 | D:2      | Found a runed translucent door.
  1457 | D:2      | Noticed Crazy Yiuf
  2101 | D:3      | Found a burning altar of Makhleb.
  2144 | D:4      | Found a staircase to the Ecumenical Temple.
  2168 | Temple   | Entered the Ecumenical Temple
  2179 | Temple   | Became a worshipper of Vehumet
  2199 | D:4      | Noticed a water moccasin
  2208 | D:4      | Killed a water moccasin
  2209 | D:4      | Reached skill level 6 in Spellcasting
  2209 | D:4      | Reached XP level 6. HP: 16/32 MP: 1/17
  2236 | D:4      | Noticed Menkaure
  2242 | D:4      | Killed Menkaure
  2274 | D:4      | Reached skill level 7 in Spellcasting
  2452 | D:4      | Reached XP level 7. HP: 36/36 MP: 15/19
  2540 | D:4      | Reached * piety under Vehumet
  2540 | D:4      | Offered knowledge of Kiss of Death by Vehumet.
  2583 | D:4      | Reached skill level 8 in Spellcasting
  2825 | D:5      | Entered Level 5 of the Dungeon
  2931 | D:5      | Found a basalt altar of Yredelemnul.
  2949 | D:5      | Reached skill level 9 in Spellcasting
  2956 | D:5      | Reached XP level 8. HP: 41/41 MP: 14/23
  3637 | D:6      | Reached skill level 10 in Spellcasting
  4234 | D:7      | Reached ** piety under Vehumet
  4234 | D:7      | Offered knowledge of Freeze by Vehumet.
  4245 | D:7      | Reached skill level 11 in Spellcasting
  4245 | D:7      | Reached skill level 10 in Conjurations
  4249 | D:7      | Noticed Maggie
  4261 | D:7      | Killed Maggie
  4262 | D:7      | Reached XP level 9. HP: 38/45 MP: 4/26
  4391 | D:7      | Found a glowing golden altar of the Shining One.
  4445 | D:7      | Upgraded the game from 0.31-a0-198-g2ad674f65e to
                  | 0.31-a0-200-gbc41564c69
  4475 | D:7      | Reached skill level 12 in Spellcasting
  4497 | D:7      | Offered knowledge of Hailstorm by Vehumet.
  4544 | D:7      | Found a snail-covered altar of Cheibriados.
  4557 | D:7      | Reached skill level 1 in Hexes
  4563 | D:7      | Found a white marble altar of Elyvilon.
  4820 | D:8      | Reached *** piety under Vehumet
  4992 | D:8      | Reached skill level 13 in Spellcasting
  4992 | D:8      | Reached XP level 10. HP: 39/50 MP: 8/29
  5002 | D:8      | Reached skill level 5 in Hexes
  5362 | D:9      | Offered knowledge of Olgreb's Toxic Radiance by Vehumet.
  6097 | D:10     | Entered Level 10 of the Dungeon
  6100 | D:10     | Reached **** piety under Vehumet
  6127 | D:10     | Reached skill level 1 in Fighting
  6132 | D:10     | Offered knowledge of Volatile Blastmotes by Vehumet.
  6247 | D:10     | Found a staircase to the Lair.
  6448 | D:10     | Got the Papyrus of Inconstant Summoning
  6818 | Lair:1   | Entered Level 1 of the Lair of Beasts
  6830 | Lair:1   | Gained mutation: Your spells are a little easier to cast,
                  | but a little less powerful. [potion of mutation]
  6830 | Lair:1   | Gained mutation: You are partially covered in iridescent
                  | scales. (AC +2) [potion of mutation]
  6830 | Lair:1   | Gained mutation: You occasionally shout uncontrollably at
                  | your foes. [potion of mutation]
  6830 | Lair:1   | Gained mutation: Your system is resistant to poisons.
                  | (rPois) [potion of mutation]
  6864 | Lair:1   | Found a dark tunnel.
  6873 | Volcano  | Entered a volcano
  6908 | Volcano  | Reached skill level 14 in Spellcasting
  6978 | Volcano  | Noticed a centaur warrior
  6992 | Volcano  | Killed a centaur warrior
  6993 | Volcano  | Reached XP level 11. HP: 27/62 MP: 7/31
  7002 | Volcano  | Found a bloodstained altar of Trog.
  7068 | Volcano  | Noticed a red draconian
  7130 | Volcano  | Killed a red draconian
  7131 | Volcano  | Reached skill level 5 in Fighting
  7219 | Lair:1   | Noticed Fannar
  7248 | Lair:1   | Killed Fannar
  7305 | Lair:1   | Reached skill level 15 in Spellcasting
  7305 | Lair:1   | Reached ***** piety under Vehumet
  7314 | Lair:1   | Offered knowledge of Conjure Ball Lightning by Vehumet.
  7337 | Lair:1   | Found a gate leading to a gauntlet.
  7346 | Gauntlet | Entered a Gauntlet
  7346 | Gauntlet | Found a transporter.
  7346 | Gauntlet | Found a transporter.
  7351 | Gauntlet | Found a transporter.
  7358 | Gauntlet | Found a transporter.
  7374 | Gauntlet | Found a transporter.
  7378 | Gauntlet | Found a transporter.
  7379 | Gauntlet | Found the -2 hat of the Alchemist {rElec rPois rF+ rC+ rN+
                  | Will+ rMut rCorr}
  7396 | Gauntlet | Noticed a shining eye
  7398 | Gauntlet | Found a transporter.
  7401 | Gauntlet | Found a transporter.
  7404 | Gauntlet | Noticed a necromancer
  7430 | Gauntlet | Found a transporter.
  7430 | Gauntlet | Found a transporter.
  7432 | Gauntlet | Noticed a large abomination
  7511 | Gauntlet | Found a transporter.
  7526 | Gauntlet | Found a transporter.
  7526 | Gauntlet | Noticed a fire crab
  7541 | Gauntlet | Found a transporter.
  7636 | Gauntlet | Found a transporter.
  7661 | Gauntlet | Found a transporter.
  7664 | Gauntlet | Found a transporter.
  7848 | Gauntlet | Killed a necromancer
  7865 | Gauntlet | Identified the +1 leather armour of Zaivelil {Int+5}
  7916 | Gauntlet | Learned a level 6 spell: Conjure Ball Lightning
  7920 | Gauntlet | Learned a level 3 spell: Swiftness
  7929 | Gauntlet | Learned a level 8 spell: Ignition
  7932 | Gauntlet | Killed a large abomination
  7943 | Gauntlet | Identified the amulet "Fomel" {RegenMP +Blink rN+}
  7985 | Gauntlet | Learned a level 4 spell: Summon Lightning Spire
  7987 | Gauntlet | Identified the +5 fire dragon scales "Yfa Mucy" {rElec
                  | rPois rF++ rC- Int+3}
  7987 | Gauntlet | Identified the +0 kite shield "Ukhuoch" {Int+3 Dex+4}
  7987 | Gauntlet | Noticed a minotaur
  8003 | Gauntlet | Killed a minotaur
  8004 | Gauntlet | Reached XP level 12. HP: 58/72 MP: 15/33
  8037 | Gauntlet | Got the Compilation of Frostbound Evil
  8210 | Lair:1   | Noticed Nergalle
  8223 | Lair:1   | HP: 3/72 [something (11)]
  8224 | Lair:1   | Slain by a spectral orc warrior

Illustrated notes

Levels and vault maps discovered:
D:1:      sevenhm_arrival_forest_fort_small_6, layout_basic, minmay_hexomino_r4
D:2:      cheibrodos_fertilizer, layout_loops_cross, guppyfry_early_lair_pool,
          uniq_crazy_yiuf_cottage
D:3:      layout_basic, lightli_temple_of_fire
D:4:      layout_rooms, minmay_temple_entry_antechambers,
          kennysheep_big_empty_room, minmay_gold_behind_fungi, minmay_vboxes,
          uniq_menkaure
D:5:      layout_basic, nicolae_overflow_hidden_temple,
          yredelemnul_altar_generic
D:6:      layout_loops_cross
D:7:      layout_cave_pools, mainiacjoe_overflow_chevrons, minitemple,
          uniq_maggie
D:8:      layout_rooms
D:9:      layout_grid_maze
D:10:     layout_basic, dpeg_oklobed_lair
Temple:   lightli_temple_of_artemis
Lair:1:   layout_roguey, gauntlet_entry_generic, nicolae_volcano_entry_hallway,
          serial_bayou, serial_bayou_lagoon_b, serial_bayou_lagoon_a,
          serial_bayou_pond_e, serial_bayou_shore_a, wad_woods_road_03,
          lemuel_fruit_tree, uniq_fannar, uniq_nergalle

Skill      XL: |  1  2  3  4  5  6  7  8  9 10 11 12 |
---------------+-------------------------------------+-----
Spellcasting   | 4 5 6 7 9 11 13 14 15 | 15.8
Conjurations   | 5 6 7 8 10 11 12 13 | 13.9
Hexes          | 4 6 |  6.0
Fighting       | 4 7 |  7.5
Dodging        | 3 |  3.2
Armour         | |  0.7
Stealth        | |  2.4

Action                     |  1- 3 |  4- 6 |  7- 9 | 10-12 || total
---------------------------+-------+-------+-------+-------++-------
  Melee: Mace              |       |       |     2 |    10 ||    12
   Cast: Magic Dart        |    77 |    88 |    89 |       ||   254
         Searing Ray       |       |     5 |    34 |     5 ||    44
         Fulminant Prism   |       |     2 |    52 |   107 ||   161
         Iskenderun's Myst |       |       |     9 |    55 ||    64
         Summon Lightning  |       |       |       |     1 ||     1
  Evoke: Wand              |       |       |       |     9 ||     9
    Use: Potion            |       |       |     1 |     6 ||     7
         Scroll            |       |       |       |    12 ||    12
 Armour: Robe              |     2 |     8 |     9 |     4 ||    23
         Fire dragon scale |       |       |       |     9 ||     9
  Dodge: Dodged            |     4 |     8 |    35 |    66 ||   113
         Repelled          |       |       |       |     2 ||     2

Table legend: (Time is in decaauts)
 A = Elapsed time spent in this place.
 B = Non-inter-level travel time spent in this place.
 C = Inter-level travel time spent in this place.
 D = Time resting spent in this place.
 E = Time spent auto-exploring this place.
 F = Levels seen in this place.
 G = Mean time per level.
                   A        B        C        D        E       F      G
               +--------+--------+--------+--------+--------+-----+--------+
         Total |   8236 |   7941 |    295 |    443 |   5103 |  14 |  588.3 |
       Dungeon |   6809 |   6514 |    295 |    414 |   4935 |  10 |  680.9 |
        Temple |     22 |     22 |      0 |      0 |      0 |   1 |   22.0 |
          Lair |    358 |    358 |      0 |      4 |     88 |   1 |  358.0 |
       Volcano |    328 |    328 |      0 |      0 |      0 |   1 |  328.0 |
      Gauntlet |    717 |    717 |      0 |     25 |     79 |   1 |  717.0 |
               +--------+--------+--------+--------+--------+-----+--------+

Top non-repeatable levels by time:
     D:2: 882 daAuts
     D:9: 809 daAuts
Gauntlet: 717 daAuts
     D:6: 705 daAuts
    D:10: 684 daAuts
     D:4: 661 daAuts
     D:1: 649 daAuts
     D:7: 640 daAuts
     D:3: 608 daAuts
     D:8: 599 daAuts
     D:5: 568 daAuts
  Lair:1: 358 daAuts
 Volcano: 328 daAuts
  Temple: 22 daAuts
